 Dungeon Crawl Stone Soup version 0.30-a0-634-g8abc85282e (webtiles) character file.

Game seed: 16571563136558915958

449 Leeroy the Slasher (level 7, -5/40 HPs)
             Began as a Tengu Warper on Jan 14, 2023.
             Was an Initiate of Hepliaklqana.
             Slain by Duvessa
             ... wielding a +0 short sword
              (10 damage)
             ... on level 4 of the Dungeon.
             The game lasted 00:05:25 (4065 turns).

Leeroy the Slasher (Tengu Warper)                   Turns: 4065, Time: 00:05:26

Health: -5/40      AC:  3    Str: 12    XL:     7   Next: 4%
Magic:  5/11       EV: 14    Int: 13    God:    Hepliaklqana [......]
Gold:   123        SH:  0    Dex: 15    Spells: 5/10 levels left

rFire   . . .      SeeInvis .    f - +8 mithril axe "Arga" {speed, Will+}
rCold   . . .      Faith    .    (no shield)
rNeg    . . .      Spirit   .    b - +0 leather armour
rPois   .          Reflect  .    (helmet restricted)
rElec   .          Harm     .    (no cloak)
rCorr   .          Rampage  .    (no gloves)
Will    +....                    (boots unavailable)
Stlth   +                        (no amulet)
HPRegen 0.26/turn                (no ring)
MPRegen 0.12/turn                (no ring)

@: flying quickly and evasively, quick
A: beak, talons 3, nimble flight
a: Renounce Religion


You were on level 4 of the Dungeon.
You worshipped Hepliaklqana.
Hepliaklqana was noncommittal.
You visited 1 branch of the dungeon, and saw 5 of its levels.

You collected 123 gold pieces.

Inventory:

Hand Weapons
 a - a +0 falchion
 f - the +8 mithril axe "Arga" (weapon) {speed, Will+}
   (You found it on level 5 of the Dungeon)

   Will:      It increases your willpower.
Missiles
 d - 7 boomerangs of dispersal (quivered)
Armour
 b - a +0 leather armour (worn)
Jewellery
 k - a +6 ring of intelligence
 l - a +5 ring of evasion
Scrolls
 c - a scroll of butterflies {unknown}
 e - a scroll of silence {unknown}
 g - a scroll of torment
 h - 2 scrolls of vulnerability
 m - a scroll of teleportation
 p - a scroll of enchant armour
 r - a scroll of fog
Potions
 i - 2 potions of attraction {unknown}
 j - a potion of might
 n - a potion of curing
 o - a potion of brilliance {unknown}
 q - a potion of invisibility {unknown}


   Skills:
 - Level 2.0 Fighting
 + Level 6.8 Long Blades
 - Level 0.3 Staves
 - Level 1.0 Throwing
 - Level 1.1 Armour
 - Level 2.1 Dodging
 - Level 2.0 Spellcasting
 - Level 2.4 Translocations
 - Level 4.6 Air Magic


You had 5 spell levels left.
You knew the following spells:

 Your Spells              Type           Power      Damage    Failure   Level
a - Blink                 Tloc           14%        N/A       19%         2
b - Vhi's Electric Charg  Tloc/Air       20%        N/A       22%         3

Your spell library contained the following spells:

 Spells                   Type           Power      Damage    Failure   Level
 Shock                    Conj/Air       28%        1d4       12%         1
 Swiftness                Air            13%        N/A       14%         3
 Lesser Beckoning         Tloc           14%        N/A       36%         3
 Teleport Other           Tloc           7%         N/A       36%         3
 Ensorcelled Hibernation  Hex/Ice        2%         N/A       43%         2
 Airstrike                Air            6%         2d(1-17)  43%         4
 Spider Form              Tmut/Pois      1%         N/A       67%         3
 Stone Arrow              Conj/Erth      2%         3d7       67%         3
 Tukima's Dance           Hex            1%         N/A       67%         3
 Manifold Assault         Tloc           7%         N/A       77%         4
 Passage of Golubria      Tloc           7%         N/A       77%         4
 Anguish                  Hex/Necr       0%         N/A       97%         4
 Animate Armour           Summ/Erth      2%         N/A       97%         4
 Yara's Violent Unravell  Hex/Tmut       0%         3d3       100%        5
 Lehudib's Crystal Spear  Conj/Erth      0%         10d2      100%        8


Dungeon Overview and Level Annotations

Branches:
Dungeon (5/15)
 Temple: D:4-7

Altars:
Hepliaklqana
Nemelex Xobeh

Shops:
D:1 !   D:2 !

Annotations:
D:2 Sigmund
D:4 Dowan, Duvessa
D:5 Menkaure


Innate Abilities, Weirdness & Mutations

You have a beak for a mouth.
You have claws for feet.
Your magical nature lets you fly swiftly and evasively.


Message History

The orc moves out of view.
An orc wizard comes into view. It is wielding a +0 dagger.
You slice Dowan!!
Dowan is severely wounded.
You closely miss the orc. The orc barely misses you.
Dowan hits you with a +0 dagger.
The orc wizard mumbles some strange words.
The orc wizard flickers and vanishes!
Deactivating autopickup; reactivate with Ctrl-A.
You slash the orc!
You kill the orc!
You slash the orc!
You kill the orc!
Duvessa throws a boomerang of dispersal.
The boomerang of dispersal closely misses you.
Dowan gestures at Duvessa while chanting.
Duvessa seems to speed up.
There is an open door, spattered with blood here.
Items here: ( )) ? [.
Duvessa hits you with a +0 short sword!
Dowan points at you and mumbles some strange words.
The puff of flame hits you!
You slash Duvessa! You claw Duvessa.
Duvessa is moderately wounded.
Duvessa barely misses you. Duvessa completely misses you.
You slash Duvessa! Your kick misses Duvessa. You peck Duvessa.
You punch Duvessa, but do no damage.
Duvessa is severely wounded.
You barely miss something. You hit Dowan.
Duvessa hits you with a +0 short sword. Something hits you.
Dowan mumbles some strange words.
Dowan blinks!
You hit Duvessa. You peck Duvessa, but do no damage.
Duvessa is severely wounded.
You miss something.
Duvessa says, "My weaknesses are his strengths!"
Duvessa hits you with a +0 short sword!
* * * LOW HITPOINT WARNING * * *
Duvessa hits you with a +0 short sword!
You die...

..#...# #..........#
.##...#####......#####
..#.......####..##
..#..####.# ##.## ..#..##.#
#..## ##......# ##..#
........# ##.#
...######.#######)##
................@e.######
.#########.....ยง{.........
.# #......o)........ .#
#......e......... ##
#................
#.......###.###.........
#......# ... ##........
#......#.8.. #..######
###......#.. ##.#


You could see Duvessa (fast), Dowan and an orc.

Vanquished Creatures
  An ogre (D:4)
  A phantom (D:5)
  A bullfrog (D:4)
  A scorpion (D:5)
  A jelly (D:4)
  5 adders
  3 gnolls (D:4)
  An ufetubus (D:5)
  A dart slug (D:1)
  4 orcs
  2 endoplasms
  3 giant cockroaches
  4 goblins
  5 hobgoblins
  10 kobolds
  5 ball pythons
  6 bats
  3 frilled lizards
  6 rats
63 creatures vanquished.

Notes
Turn   | Place    | Note
-------+----------+-------------------------------------------
     0 | D:1      | Leeroy the Tengu Warper began the quest for the Orb.
     0 | D:1      | Reached XP level 1. HP: 12/12 MP: 4/4
   121 | D:1      | Reached skill level 3 in Long Blades
   121 | D:1      | Reached XP level 2. HP: 14/17 MP: 6/6
   260 | D:1      | Found Xyzesafy's Distillery.
  1036 | D:2      | Reached XP level 3. HP: 21/21 MP: 7/7
  1040 | D:2      | Reached skill level 4 in Long Blades
  1263 | D:2      | Found Lojousue's Distillery.
  1369 | D:2      | Found a faded altar of an unknown god.
  1515 | D:2      | Noticed Sigmund
  2027 | D:3      | Found a sparkling altar of Nemelex Xobeh.
  2212 | D:3      | Reached XP level 4. HP: 10/26 MP: 8/8
  2337 | D:3      | Found a hazy altar of Hepliaklqana.
  2363 | D:3      | Became a worshipper of Hepliaklqana the Forgotten
  2533 | D:3      | Reached skill level 5 in Long Blades
  2775 | D:3      | Learned a level 2 spell: Blink
  2779 | D:3      | Learned a level 3 spell: Vhi's Electric Charge
  2798 | D:4      | Reached skill level 1 in Air Magic
  2801 | D:4      | HP: 1/26 [gnoll/+0 flail (8)]
  2956 | D:4      | Noticed Dowan
  2957 | D:4      | Noticed Duvessa
  2957 | D:4      | Noticed a bullfrog
  2983 | D:4      | Killed a bullfrog
  2984 | D:4      | Gained mutation: Your magical nature lets you fly swiftly
                  | and evasively. [Tengu growth]
  2984 | D:4      | Reached XP level 5. HP: 6/30 MP: 9/9
  3400 | D:4      | Noticed an ogre
  3401 | D:4      | Reached XP level 6. HP: 35/35 MP: 6/10
  3422 | D:5      | Entered Level 5 of the Dungeon
  3721 | D:5      | Found the +8 mithril axe "Arga" {speed, Will+}
  3737 | D:5      | Reached skill level 6 in Long Blades
  3857 | D:5      | Noticed Menkaure
  4052 | D:4      | Reached XP level 7. HP: 40/40 MP: 7/11
  4065 | D:4      | Slain by Duvessa

Illustrated notes

Levels and vault maps discovered:
D:1:      dpeg_arrival_chambers_temple_mockup, layout_basic, serial_shops,
          nicolae_shop_statue_plus
D:2:      layout_basic, shapermc_ecumenical_altar_acropolis, serial_shops,
          nicolae_shop_statue_plus, uniq_sigmund
D:3:      layout_loops_ring, mainiacjoe_overflow_boulevard,
          mainiacjoe_overflow_chevrons
D:4:      layout_basic, grunt_gozag_statues, serial_shops, shop, uniq_duvessa
D:5:      layout_basic, nicolae_shop_clearance, uniq_menkaure,
          uniq_prince_ribbit1

Skill      XL: |  1  2  3  4  5  6 |
---------------+-------------------+-----
Long Blades    | 3 4 5 6 |  6.8
Air Magic      | 3 4 |  4.6
Fighting       | |  2.0
Staves         | |  0.3
Throwing       | |  1.0
Armour         | |  1.1
Dodging        | |  2.1
Spellcasting   | |  2.0
Translocations | |  2.4

Action                   |  1- 3 |  4- 6 |  7- 9 || total
-------------------------+-------+-------+-------++-------
Melee: Falchion          |    89 |    67 |       ||   156
       Kick              |    19 |    20 |     1 ||    40
       Peck              |    10 |     9 |     2 ||    21
       Punch             |     2 |       |     2 ||     4
       Broad axe         |       |     2 |     7 ||     9
 Cast: Vhi's Electric Ch |       |    10 |     1 ||    11
  Use: Scroll            |       |     7 |       ||     7
       Potion            |       |     4 |       ||     4
 Stab: Sleeping          |     1 |       |       ||     1
Armor: Leather armour    |    24 |    10 |       ||    34
Dodge: Dodged            |    51 |    47 |     6 ||   104

Table legend: (Time is in decaauts)
 A = Elapsed time spent in this place.
 B = Non-inter-level travel time spent in this place.
 C = Inter-level travel time spent in this place.
 D = Time resting spent in this place.
 E = Time spent auto-exploring this place.
 F = Levels seen in this place.
 G = Mean time per level.
                   A        B        C        D        E       F      G
               +--------+--------+--------+--------+--------+-----+--------+
         Total |   4036 |   3848 |    188 |    440 |   2777 |   5 |  807.2 |
       Dungeon |   4036 |   3848 |    188 |    440 |   2777 |   5 |  807.2 |
               +--------+--------+--------+--------+--------+-----+--------+

Top non-repeatable levels by time:
     D:3: 1118 daAuts
     D:2: 1033 daAuts
     D:1: 991 daAuts
     D:4: 446 daAuts
     D:5: 445 daAuts
